AoeStats
← Roddak9096

Black Forest

510449995Analyzed
2v2 RM · 23h ago on Oct 1, 2026· 33m 13s· 4 players
Game mode
Random Map
Map size
Medium (4 player)
Population
200
Speed
Normal
Resources
Standard
Victory
Conquest
Starting age
Dark Age
Ending age
Imperial Age
RankedLock teamsTeams togetherTeam positionsShared explorationLock speedFull tech treeHidden civsTurbo modeCheats
Victory
Defeat
🇦🇷 Maya · Argentina
768
+31
🇲🇽 Persians · Mexico
641
+19
🇺🇸 Byzantines · United States
734
-17
🇺🇸 Persians · United States
711
-16
Roddak9096
0:27 Loom
12:56 Feudal Age
17:19 Fletching
22:47 Horse Collar
23:00 Double-Bit Axe
26:17 Castle Age
24:20 Gold Mining
25:42 Padded Archer Armor
26:58 Crossbowman
27:41 Bodkin Arrow
29:44 Thumb Ring
30:05 Ballistics
30:33 Elite Skirmisher
32:54 Leather Archer Armor
jafet.rdz.v
4:31 Loom
11:00 Feudal Age
17:32 Castle Age
15:56 Double-Bit Axe
15:54 Horse Collar
16:34 Stone Mining
21:27 Heavy Plow
30:51 Wheelbarrow
30:44 Bow Saw
33:30 Scale Barding Armor
AZULA
0:26 Loom
14:11 Feudal Age
28:43 Double-Bit Axe
32:53 Forging
32:43 Scale Mail Armor
Matthias9
0:45 Loom
17:40 Feudal Age
18:56 Wheelbarrow
18:07 Town Watch
32:25 Horse Collar
Connection lost

Rejoining the realm…

Still unreachable

The connection could not be restored.

Session expired

The server has moved on; the page needs a fresh start.